 Dungeon Crawl Stone Soup version 0.18.1-8-gdd0e5ea (webtiles) character file.

1029 M4edhros the Covert (level 8, -9/46 HPs)
             Began as an Octopode Necromancer on May 27, 2016.
             Mangled by an orc warrior
             ... wielding a +0 trident
              (20 damage)
             ... on level 6 of the Dungeon.
             The game lasted 00:14:27 (2115 turns).

M4edhros the Covert (Octopode Necromancer)          Turns: 2115, Time: 00:14:28

Health: -9/46      AC:  1    Str:  7    XL:     8   Next: 23%
Magic:  1/11       EV: 12    Int: 18    God:
Gold:   113        SH:  4    Dex: 14    Spells: 4 memorised, 2 levels left

rFire  . . .     SeeInvis .     d - +3 short sword (freeze)
rCold  . . .     Gourm    .     (no shield)
rNeg   . . .     Faith    .     (helmet restricted)
rPois  .         Spirit   .     c - +4 amulet of reflection
rElec  .         Dismiss  .     (no ring)
rCorr  .         Reflect  +     (no ring)
SustAt .         Harm     .     (no ring)
MR     .....                    (no ring)
Stlth  ++++++....               (no ring)
                                (no ring)
                                (no ring)
                                (no ring)

@: very slightly contaminated, regenerating (expiring), not resistant to hostile
enchantments, very stealthy
A: almost no armour, amphibious, 8 rings, constrict 8, camouflage 1, gelatinous
body 1
a: no special abilities


You were on level 6 of the Dungeon.
You were very hungry.

You visited 1 branch of the dungeon, and saw 6 of its levels.

You collected 113 gold pieces.

Inventory:

Hand Weapons
 d - a +3 short sword of freezing (weapon)
 g - a +0 flail of protection
 n - a +2 morningstar of holy wrath
Jewellery
 c - a +4 amulet of reflection (around mantle)
Wands
 e - a wand of iceblast (0/15)
Scrolls
 f - a scroll of recharging
 h - 4 scrolls of remove curse
 i - 2 scrolls of fear {unknown}
 k - a scroll of magic mapping {unknown}
 l - a scroll of teleportation {unknown}
Books
 a - a book of Necromancy

   Spells                             Type                      Level
   a - Pain                           Necromancy                   1
   b - Animate Skeleton               Necromancy                   1
   c - Vampiric Draining              Necromancy                   3
   d - Regeneration                   Charms/Necromancy            3
   e - Animate Dead                   Necromancy                   4
   f - Control Undead                 Necromancy                   4
Comestibles
 b - 3 bread rations
 j - a meat ration
 m - 4 chunks of flesh


   Skills:
 - Level 2.0 Dodging
 * Level 10.9 Stealth
 + Level 5.3 Unarmed Combat
 - Level 2.0 Spellcasting
 - Level 4.0 Necromancy


You had 2 spell levels left.
You knew the following spells:

 Your Spells              Type           Power        Failure   Level  Hunger
a - Pain                  Necr           ###.         3%          1    #......
b - Animate Skeleton      Necr           N/A          3%          1    #......
c - Animate Dead          Necr           N/A          34%         4    #####..
r - Regeneration          Chrm/Necr      #.........   24%         3    ###....


Dungeon Overview and Level Annotations

Branches:
Dungeon (6/15)             Temple (0/1) D:6

Altars:
Elyvilon
Makhleb
Nemelex Xobeh
Trog
Xom


Innate Abilities, Weirdness & Mutations

You cannot wear most types of armour.
You are amphibious.
You can wear up to eight rings at the same time.
You can use your tentacles to constrict eight enemies at once.
Your skin changes colour to match your surroundings (Stealth).
Your rubbery body absorbs attacks (AC +1).


Message History

Your skin crawls.
The orc hits you with a club. You block the orc warrior's attack.
Your gnoll zombie barely misses the orc.
The orc barely misses your gnoll zombie.
You aren't carrying any potions.
The orc closely misses you.
Your gnoll zombie hits the orc with a spear of piercing.
Evoke which item? (* to show all) (? for menu, Esc to quit)
Zapping:
e - a wand of iceblast {zapped: 10} (will waste charges)
Press: ? - help, Shift-Dir - straight line, f - orc, p - orc warrior
Aim: an orc, wielding a club Nothing appears to happen.
Your skin is crawling a little less now.
The orc warrior hits you from afar with a trident!
* * * LOW HITPOINT WARNING * * *
Your gnoll zombie hits the orc with a spear of piercing.
You puncture the orc! You freeze the orc.
You kill the orc!
The orc warrior hits you from afar with a trident!!
You die...

################
#..............#
#..............#
#..............#
#..............#
#..........Zo..#
###......Z.oo..)@#
..........########
..........#
.......o..#
..........#
..........#
..........#
..######### ..#


You could see an orc warrior, 2 orcs, a friendly gnoll zombie and a friendly
gnoll zombie.

Vanquished Creatures
  Sigmund (D:3)
  A water moccasin (D:4)
  A phantom (D:5)
  A sky beast (D:5)
  An ogre (D:4)
  A gnoll sergeant (D:6)
  A howler monkey (D:5)
  The ghost of M4edhros the Grave Robber, a weakling OpNe (D:3)
  A hound (D:4)
  4 orc wizards
  3 worker ants
  A hound zombie (D:5)
  4 adders
  8 gnolls
  An ooze (D:2)
  2 worms
  A dart slug (D:1)
  A giant gecko (D:5)
  8 orcs
  5 bats
  A giant cockroach (D:2)
  2 goblins
  7 hobgoblins
  2 jackals
  3 kobolds
  2 quokkas
  4 rats
68 creatures vanquished.

Vanquished Creatures (collateral kills)
  2 jackals (D:5)
  A kobold (D:1)
3 creatures vanquished.

Grand Total: 71 creatures vanquished

Notes
Turn   | Place    | Note
--------------------------------------------------------------
     0 | D:1      | M4edhros the Octopode Necromancer began the quest for the Orb.
     0 | D:1      | Reached XP level 1. HP: 11/11 MP: 3/3
    35 | D:1      | Learned a level 1 spell: Animate Skeleton
   125 | D:1      | Reached skill level 1 in Unarmed Combat
   172 | D:2      | Reached XP level 2. HP: 11/17 MP: 5/5
   232 | D:1      | Reached skill level 3 in Stealth
   355 | D:2      | Reached XP level 3. HP: 10/21 MP: 1/6
   360 | D:2      | Learned a level 3 spell: Regeneration
   363 | D:2      | Found a sparkling altar of Nemelex Xobeh.
   445 | D:2      | Reached skill level 4 in Stealth
   741 | D:3      | Found a bloodstained altar of Trog.
   836 | D:2      | Reached XP level 4. HP: 23/27 MP: 7/7
   864 | D:3      | Found a white marble altar of Elyvilon.
   972 | D:3      | Reached skill level 5 in Stealth
   975 | D:3      | You fall through a shaft for 2 floors!
   975 | D:5      | Entered Level 5 of the Dungeon
  1021 | D:5      | Noticed a sky beast
  1039 | D:5      | Killed a sky beast
  1039 | D:5      | Reached skill level 6 in Stealth
  1039 | D:5      | Reached XP level 5. HP: 31/31 MP: 8/8
  1071 | D:5      | Reached skill level 7 in Stealth
  1071 | D:5      | Reached XP level 6. HP: 33/36 MP: 9/9
  1076 | D:5      | Noticed a phantom
  1077 | D:5      | Learned a level 4 spell: Animate Dead
  1086 | D:5      | Found a shimmering altar of Xom.
  1166 | D:5      | Killed a phantom
  1470 | D:4      | Noticed a water moccasin
  1476 | D:4      | Reached skill level 8 in Stealth
  1481 | D:4      | Killed a water moccasin
  1481 | D:4      | Reached XP level 7. HP: 19/41 MP: 4/10
  1534 | D:4      | Reached skill level 9 in Stealth
  1641 | D:3      | Noticed M4edhros's ghost (weakling OpNe)
  1655 | D:3      | Killed M4edhros's ghost
  1691 | D:3      | Found a faded altar to an unknown god.
  1710 | D:3      | Noticed Sigmund
  1721 | D:3      | Killed Sigmund
  1721 | D:3      | Reached skill level 10 in Stealth
  1721 | D:3      | Reached skill level 5 in Unarmed Combat
  1871 | D:5      | Found a burning altar of Makhleb.
  1928 | D:5      | Reached XP level 8. HP: 46/46 MP: 8/11
  2017 | D:6      | Found a staircase to the Ecumenical Temple.
  2115 | D:6      | Mangled by an orc warrior

Skill      XL: |  1  2  3  4  5  6  7 |
---------------+----------------------+-----
Unarmed Combat | 1 2 3 4 5 |  5.3
Stealth        | 3 4 6 7 8 10 | 10.9
Dodging        | |  2.0
Spellcasting   | |  2.0
Necromancy     | |  4.0

Action                   |  1- 3 |  4- 6 |  7- 9 || total
-------------------------+-------+-------+-------++-------
Melee: Short sword       |    34 |    37 |    39 ||   110
       Constrict         |     9 |     8 |    16 ||    33
       Unarmed           |     2 |    47 |       ||    49
       Tentacles         |     4 |     6 |     8 ||    18
       Flail             |       |       |    21 ||    21
       Punch             |       |       |     3 ||     3
 Cast: Pain              |    20 |       |       ||    20
       Animate Skeleton  |     5 |     3 |     4 ||    12
       Regeneration      |     1 |    11 |    10 ||    22
       Animate Dead      |       |     1 |     1 ||     2
Evoke: Wand              |       |     1 |     7 ||     8
  Use: Potion            |     3 |     1 |     2 ||     6
       Scroll            |       |     2 |     4 ||     6
 Stab: Sleeping          |     5 |     4 |     2 ||    11
  Eat: Chunk             |       |     4 |     4 ||     8
Armor: Skin              |    10 |    21 |     4 ||    35
Dodge: Dodged            |    18 |    27 |    55 ||   100
Block: Other             |     3 |    15 |    14 ||    32
